 Dungeon Sprint DCSS version 0.16-a0-3803-gd4b2de5 (console) character file.

93 Monkaria the Carver (level 4, -23/47 HPs)
             Began as a Hill Orc Fighter on Jan 26, 2015.
             Was an Initiate of Makhleb.
             Annihilated by a hill giant
             ... wielding a +0 giant spiked club
              (40 damage)
             ... in the Dungeon (Sprint IX: "|||||||||||||||||||||||||||||").
             The game lasted 00:01:00 (442 turns).

Monkaria the Carver (Hill Orc Fighter)               Turns: 442, Time: 00:01:01

Health: -23/47     AC: 10    Str: 19    XL:     4   Next: 61%
Magic:  4/4        EV:  7    Int: 11    God:    Makhleb [......]
Gold:   0          SH:  9    Dex: 13    Spells: 0 memorised, 3 levels left

rFire  . . .     SeeInvis .     p - +2 scimitar (flame)
rCold  . . .     Clarity  .     s - +1 scale mail
rNeg   . . .     SustAb   .     c - +0 shield
rPois  .         Gourm    .     (no helmet)
rElec  .         Spirit   .     (no cloak)
rCorr  .         Warding  .     q - +0 pair of gloves
rMut   .         NoTele   +     r - +0 pair of boots
MR     .....                    (no amulet)
Stlth  ..........               u - +3 ring of intelligence
                                t - +3 ring of dexterity

@: not resistant to hostile enchantments, extremely unstealthy
A: no striking features
a: Renounce Religion


You were in the Dungeon.
You worshipped Makhleb.
Makhleb was noncommittal.
You were not hungry.

You visited 1 branch

Inventory:

Hand weapons
 p - a +2 scimitar of flaming (weapon)
Armour
 c - a +0 shield (worn)
 q - a +0 pair of gloves (worn)
 r - a +0 pair of boots (worn)
 s - a +1 scale mail (worn)
Jewellery
 t - a +3 ring of dexterity (left hand)
 u - a +3 ring of intelligence (right hand)
Magical devices
 o - a wand of cold (5)
Scrolls
 k - 2 scrolls of blinking
 m - 3 scrolls of remove curse
 n - 2 scrolls of amnesia
Potions
 e - a potion of might
 f - 5 potions of curing
 g - 3 potions of heal wounds
 h - a potion of haste
 i - 4 potions of magic
 j - a potion of berserk rage
 l - a potion of invisibility
Comestibles
 d - a meat ration


   Skills:
 + Level 7.0 Fighting
 * Level 8.1 Long Blades
 - Level 3.2 Armour
 - Level 3.2 Shields


You had 3 spell levels left.
You didn't know any spells.

Dungeon Overview and Level Annotations

Branches:
Dungeon (1/1)

Altars:
Cheibriados
Dithmenos
Elyvilon
Fedhas
Gozag
Kikubaaqudgha
Makhleb
Nemelex Xobeh
Okawaru
Qazlal
Ru
Sif Muna
Trog
Vehumet
Xom
Yredelemnul
Zin
The Shining One
Beogh
Jiyva
Lugonu


Message History

Press: ? - help, Shift-Dir - straight line, p - giant frog The bolt of cold misses the hill giant.
The bolt of cold hits the wight.
The wight resists.
The wight is moderately damaged.
The bolt of cold hits the giant frog.
The giant frog is severely wounded.
The bolt of cold hits the adder zombie.
The adder zombie resists.
This wand has 5 charges left.
You slash the hill giant! You burn the hill giant.
The hill giant is heavily wounded.
The hill giant hits you but does no damage.
You slash the hill giant! You burn the hill giant.
The hill giant is severely wounded.
The hill giant hits you with a giant spiked club!!
Ouch! That really hurt!
You slash the hill giant! You burn the hill giant.
The hill giant is almost dead.
The hill giant hits you with a giant spiked club!!!
Ouch! That really hurt!
You die...

▓+▓
▓.▓
▓.▓
▓F▓
▓Z▓
▓F▓
▓z▓
▓C▓
▓@▓
▓.▓
▓.▓
▓.▓
▓.▓
▓)▓
▓|▓
▓.▓
▓.▓


You could see a hill giant, 2 giant frogs, a wight and an adder zombie.

Vanquished Creatures
  A scorpion (D)
  A jelly (D)
  A worm (D)
  A giant gecko (D)
  2 bats (D)
  A goblin (D)
  2 hobgoblins (D)
  A giant newt (D)
  A rat (D)
11 creatures vanquished.

Notes
Turn   | Place    | Note
--------------------------------------------------------------
     0 | D        | Monkaria, the Hill Orc Fighter, began the quest for the Orb.
     0 | D        | Reached XP level 1. HP: 19/19 MP: 1/1
    16 | D        | Reached skill level 4 in Fighting
    30 | D        | Reached XP level 2. HP: 12/28 MP: 2/2
   208 | D        | Noticed a scorpion
   220 | D        | Killed a scorpion
   220 | D        | Reached skill level 6 in Fighting
   220 | D        | Reached XP level 3. HP: 32/37 MP: 3/3
   226 | D        | Reached skill level 7 in Long Blades
   226 | D        | Reached XP level 4. HP: 23/45 MP: 4/4
   366 | D        | Found a glowing silver altar of Zin.
   366 | D        | Found a glowing golden altar of the Shining One.
   366 | D        | Found an ancient bone altar of Kikubaaqudgha.
   366 | D        | Found a basalt altar of Yredelemnul.
   366 | D        | Found a shimmering altar of Xom.
   366 | D        | Found a radiant altar of Vehumet.
   366 | D        | Found an iron altar of Okawaru.
   367 | D        | Found a burning altar of Makhleb.
   368 | D        | Found a deep blue altar of Sif Muna.
   369 | D        | Found a bloodstained altar of Trog.
   370 | D        | Found a sparkling altar of Nemelex Xobeh.
   371 | D        | Found a white marble altar of Elyvilon.
   372 | D        | Found a roughly hewn altar of Beogh.
   373 | D        | Found a viscous altar of Jiyva.
   374 | D        | Found a corrupted altar of Lugonu.
   375 | D        | Found a blossoming altar of Fedhas.
   376 | D        | Became a worshipper of Makhleb the Destroyer
   377 | D        | Found a snail-covered altar of Cheibriados.
   378 | D        | Found a shadowy altar of Dithmenos.
   379 | D        | Found a stormy altar of Qazlal.
   380 | D        | Found an opulent altar of Gozag.
   381 | D        | Found a sacrificial altar of Ru.
   436 | D        | Noticed a giant frog
   436 | D        | Noticed a giant frog
   436 | D        | Noticed a wight
   436 | D        | Noticed a hill giant
   436 | D        | Noticed a jelly
   437 | D        | Killed a jelly
   437 | D        | Reached skill level 8 in Long Blades
   442 | D        | Annihilated by a hill giant

Action                   |  1- 3 |  4- 6 || total
-------------------------+-------+-------++-------
Melee: Long sword        |    41 |       ||    41
       Scimitar          |       |     4 ||     4
Evoke: Wand              |       |     2 ||     2
